 Dungeon Crawl Stone Soup version 0.23.2-1-ga50397a (webtiles) character file.

Game seed: 10052019021675699825

150 Fang the Skirmisher (level 5, -5/49 HPs)
             Began as a Gargoyle Berserker on Apr 24, 2019.
             Was a Believer of Trog.
             Slain by an ogre
             ... wielding a +0 giant club
              (17 damage)
             ... on level 4 of the Dungeon.
             The game lasted 00:02:23 (2157 turns).

Fang the Skirmisher (Gargoyle Berserker)            Turns: 2157, Time: 00:02:24

Health: -5/49      AC: 13    Str: 27    XL:     5   Next: 32%
Magic:  5/5        EV: 10    Int:  7    God:    Trog [**....]
Gold:   108        SH:  0    Dex:  9    Spells: 4/4 levels left

rFire    . . .     SeeInvis .   a - +0 hand axe
rCold    . . .     Gourm    .   (no shield)
rNeg     + . .     Faith    .   b - +0 chain mail
rPois    ∞         Spirit   .   (no helmet)
rElec    +         Reflect  .   (no cloak)
rCorr    .         Harm     .   (no gloves)
MR       .....                  (no boots)
Stlth    ..........             (no amulet)
HPRegen  0.16/turn              n - +1 ring of evasion
MPRegen  0.09/turn              (no ring)

@: berserking, very quick
A: negative energy resistance 1, electricity resistance, unbreathing,
petrification resistance, rot immunity, AC +4
a: Berserk, Trog's Hand, Renounce Religion


You were on level 4 of the Dungeon.
You worshipped Trog.
Trog was pleased with you.
You were very hungry.

You visited 1 branch of the dungeon, and saw 4 of its levels.

You collected 108 gold pieces.

Inventory:

Hand Weapons
 a - a +0 hand axe (weapon)
Armour
 b - a +0 chain mail (worn)
Jewellery
 n - a +1 ring of evasion (left hand)
 o - an uncursed ring of poison resistance {unknown}
Scrolls
 e - 2 scrolls of remove curse {unknown}
 h - a scroll of teleportation {unknown}
 j - 2 scrolls of fear {unknown}
 m - a scroll of blinking {unknown}
 p - a scroll of magic mapping {unknown}
 r - a scroll of amnesia {unknown}
Potions
 d - a potion of brilliance {unknown}
 f - 2 potions of heal wounds {unknown}
 g - 2 potions of haste {unknown}
 k - a potion of might {unknown}
 l - a potion of lignification {unknown}
 q - a potion of flight {unknown}
Comestibles
 c - 7 rations


   Skills:
 + Level 4.3 Fighting
 + Level 3.5 Axes
 + Level 3.3 Armour
 + Level 2.5 Dodging


You had 4 spell levels left.
You didn't know any spells.
Your spell library was empty.

Dungeon Overview and Level Annotations

Branches:
Dungeon (4/15)
 Temple: D:4-7

Altars:
Ashenzari


Innate Abilities, Weirdness & Mutations

You are resistant to torment.
Your stone body is resilient. (AC +4)
You are immune to poison.
You resist negative energy. (rN+)
You are resistant to electric shocks. (rElec)
You can survive without breathing.
You are immune to petrification.
You are immune to rotting.


Message History

An ogre is nearby!
An ogre is nearby!
The ogre hits you with a +0 giant club!
A red film seems to cover your vision as you go berserk!
You feel yourself moving faster!
You feel mighty!
You are feeling very hungry.
The ogre barely misses you.
You hit the ogre but do no damage. The ogre hits you with a +0 giant club!
You barely miss the ogre. You slash the ogre!
The ogre is moderately wounded.
The ogre hits you with a +0 giant club!!
* * * LOW HITPOINT WARNING * * *
You barely miss the ogre.
The ogre is moderately wounded.
You are too injured to fight recklessly!
You hit the ogre.
The ogre is heavily wounded.
The ogre hits you with a +0 giant club!
You die...

#......
..... .....
...# ...#
#..# #O.#
#@.#
#..######
##........
###.........
#....#####..
#......# .
#......##
#.....##
##....


You could see an ogre.

Vanquished Creatures
  A worker ant (D:2)
  4 adders (D:3)
  4 worms
  2 dart slugs (D:1)
  2 leopard geckos
  3 ball pythons (D:1)
  7 giant cockroaches
  7 goblins
  4 hobgoblins
  11 jackals
  6 kobolds
  6 bats
  4 frilled lizards
  9 rats
70 creatures vanquished.

Notes
Turn   | Place    | Note
-------+----------+-------------------------------------------
     0 | D:1      | Fang the Gargoyle Berserker began the quest for the Orb.
     0 | D:1      | Reached XP level 1. HP: 14/14 MP: 1/1
   116 | D:1      | Reached XP level 2. HP: 15/19 MP: 2/2
   447 | D:1      | Reached XP level 3. HP: 24/24 MP: 3/3
   669 | D:1      | Reached ** piety under Trog
   835 | D:2      | HP: 1/24 [worm (7)]
  1229 | D:2      | Reached XP level 4. HP: 21/29 MP: 4/4
  1301 | D:2      | Reached skill level 4 in Fighting
  1747 | D:3      | Found a shattered altar of Ashenzari.
  1753 | D:3      | Reached XP level 5. HP: 32/33 MP: 5/5
  2148 | D:4      | Noticed an ogre
  2157 | D:4      | Slain by an ogre

Skill      XL: |  1  2  3  4 |
---------------+-------------+-----
Axes           | 3 |  3.5
Dodging        | 2 |  2.5
Armour         | 3 |  3.3
Fighting       | 4 |  4.3

Action                   |  1- 3 |  4- 6 || total
-------------------------+-------+-------++-------
Melee: Hand axe          |   128 |   137 ||   265
Invok: Berserk           |     1 |     1 ||     2
 Stab: Sleeping          |     1 |       ||     1
  Eat: Chunk             |     2 |     3 ||     5
Armor: Animal skin       |    40 |       ||    40
       Chain mail        |    22 |    91 ||   113
Dodge: Dodged            |    84 |    58 ||   142
